 Dungeon Crawl Stone Soup version 0.21.1-1-g345015f (webtiles) character file.

64 inc the Changer (level 3, 15/15 HPs)
             Began as a Felid Transmuter on June 18, 2018.
             Quit the game on level 3 of the Dungeon.
             The game lasted 00:03:50 (2481 turns).

inc the Changer (Felid Transmuter)                  Turns: 2481, Time: 00:03:51

Health: 15/15      AC:  1    Str:  6    XL:     3   Next: 91%
Magic:  7/7        EV: 18    Int: 14    God:
Gold:   139        SH:  0    Dex: 17    Spells: 2/6 levels left
                                        Lives:  0   Deaths: 0

rFire    . . .     SeeInvis +     - Unarmed
rCold    . . .     Gourm    .   (shield unavailable)
rNeg     . . .     Faith    .   (armour unavailable)
rPois    .         Spirit   .   (helmet unavailable)
rElec    .         Reflect  .   (cloak unavailable)
rCorr    .         Harm     .   (gloves unavailable)
MR       .....                  (boots unavailable)
Stlth    ++........             (no amulet)
HPRegen  0.05/turn              (no ring)
MPRegen  0.10/turn              (no ring)

@: quick
A: very small, no armour, no weapons or thrown items, stealth, claws 1, fangs 3,
see invisible, carnivore, speed 1, shaggy fur 1, slow metabolism 1, sharp paws
a: no special abilities


You were on level 3 of the Dungeon.
You were not hungry.

You visited 1 branch of the dungeon, and saw 3 of its levels.

You collected 139 gold pieces.

Inventory:

Missiles
 a - 56 arrows
Scrolls
 d - 3 scrolls of teleportation {unknown}
 e - a scroll of random uselessness {unknown}
 f - 4 scrolls of enchant weapon {unknown}
 g - a scroll of fear {unknown}
 h - 7 scrolls of identify {unknown}
 k - 2 scrolls of amnesia {unknown}
Potions
 i - a potion of curing
 j - a potion of degeneration {unknown}
 l - a potion of heal wounds {unknown}
 m - 2 potions of lignification {unknown}
Books
 b - a book of Changes

   Spells                             Type                      Level
   a - Beastly Appendage              Transmutation                1
   b - Sticks to Snakes               Transmutation                2
   c - Spider Form                    Transmutation/Poison         3
   d - Ice Form                       Ice/Transmutation            4
   e - Blade Hands                    Transmutation                5
Comestibles
 c - 8 rations


   Skills:
 - Level 1.0 Fighting
 - Level 2.6 Dodging
 - Level 3.0 Unarmed Combat
 - Level 2.0 Spellcasting
 + Level 4.7 Transmutations


You had 2 spell levels left.
You knew the following spells:

 Your Spells              Type           Power        Failure   Level  Hunger
a - Beastly Appendage     Tmut           ##....       3%          1    ##.....
b - Spider Form           Tmut/Pois      #.........   26%         3    ####...


Dungeon Overview and Level Annotations

Branches:
Dungeon (3/15)

Altars:
Dithmenos
Fedhas
Okawaru
Wu Jian

Annotations:
D:3 Rwicked's ghost, amateur MiBe


Innate Abilities, Weirdness & Mutations

You cannot wear armour.
You are incapable of wielding weapons or throwing items.
Your paws allow you to move quietly. (Stealth)
You have sharp claws.
You have razor-sharp teeth.
You have supernaturally acute eyesight. (SInv)
You are carnivorous and can eat meat at any time.
You cover ground quickly.
You are covered in fur. (AC +1)
You have a slow metabolism.
Your sharp claws are effective at attacking unaware monsters.


Message History

You see here a scroll labeled EGUPLO XIRE.
Found a scale mail.
You see here a scale mail.
You now have 139 gold pieces (gained 7).
f - 4 scrolls labeled EGUPLO XIRE (gained 1)
There are no items here.
There is a blossoming altar of Fedhas here.
There is a stone staircase leading up here.
You climb upwards.
There is a stone staircase leading down here.
Unknown command.
There is a stone staircase leading up here.
There is a stone staircase leading down here.
(D) Dungeon
Where to? (Enter - D:2 @ (x,y), ? - help)
You climb downwards.
Level annotation: Rwicked's ghost, amateur MiBe
There is a stone staircase leading up here.
Unknown command.
Are you sure you want to abandon this character and quit the game? (Confirm with "yes".)

####.......# ##8# #..#.# #.#
...........#############....# #.#
.##.....................#.### #.#
.##...........#####.#.......# #.#
.##...............(.......#.# #.#
.#.............##<..........# #.#
[#.#...........#.####.#.#.### #.#
W#.#......W....#.)....#.#.# #.#
$#.##.########.#@######.#.#####.#
##......[......#.######.#.#.....#
#####.##########.#......#.#.#####
# #.# #.#.######.#.# #.#
###.#.....##.#.# #.#
....#####.##.#.# #.#
........#.##.#.# #.#
######†..##.#.# #.#
#....(........##


There were no monsters in sight!

Vanquished Creatures
  3 adders
  A worm (D:3)
  A dart slug (D:1)
  A giant cockroach (D:1)
  5 goblins
  2 hobgoblins
  5 jackals (D:1)
  7 kobolds
  A quokka (D:3)
  A ball python (D:3)
  A frilled lizard (D:1)
  6 rats
34 creatures vanquished.

Notes
Turn   | Place    | Note
-------+----------+-------------------------------------------
     0 | D:1      | inc the Felid Transmuter began the quest for the Orb.
     0 | D:1      | Reached XP level 1. HP: 9/9 MP: 4/4
   215 | D:1      | Reached skill level 3 in Transmutations
   215 | D:1      | Reached XP level 2. HP: 10/12 MP: 6/6
  1217 | D:2      | Found an ornate altar of the Wu Jian Council.
  1530 | D:3      | Reached skill level 4 in Transmutations
  1530 | D:3      | Reached XP level 3. HP: 15/15 MP: 5/7
  1535 | D:3      | Learned a level 3 spell: Spider Form
  1632 | D:3      | Found an iron altar of Okawaru.
  1827 | D:3      | Found a shadowy altar of Dithmenos.
  1829 | D:3      | Found a blossoming altar of Fedhas.
  1964 | D:3      | Noticed Rwicked's ghost (amateur MiBe)
  2481 | D:3      | Quit the game

Skill      XL: |  1  2 |
---------------+-------+-----
Transmutations | 3 4 |  4.7
Fighting       | |  1.0
Dodging        | |  2.6
Unarmed Combat | |  3.0
Spellcasting   | |  2.0

Action                   || total
-------------------------++-------
Melee: Unarmed           ||    90
       Headbutt          ||     4
       Punch             ||     1
       Bite              ||     4
 Cast: Beastly Appendage ||     3
       Spider Form       ||     1
  Use: Potion            ||     1
 Stab: Sleeping          ||     2
  Eat: Chunk             ||     5
Armor: Skin              ||     4
Dodge: Dodged            ||    53
